 Dungeon Crawl Stone Soup version 0.18-a0-659-gb9673d2 (webtiles) character file.

911 4thArraOfDagon the Firebug (level 7, -1/61 HPs)
             Began as a High Elf Fire Elementalist on Dec 5, 2015.
             Was a Follower of Sif Muna.
             Killed by divine providence
             ... invoked by an orc priest
              (11 damage)
             ... on level 8 of the Dungeon.
             The game lasted 00:16:14 (1905 turns).

4thArraOfDagon the Firebug (HEFE)                   Turns: 1905, Time: 00:16:15

Health: -1/61      AC: 23    Str:  7    XL:     7   Next: 82%
Magic:  0/15       EV:  2    Int: 22    God:    Sif Muna [*.....]
Gold:   218        SH:  0    Dex: 20    Spells: 3 memorised, 7 levels left

rFire  + . .     SeeInvis .     p - +1 spear
rCold  + . .     Clarity  .     (armour currently unavailable)
rNeg   + + +     SustAt   .     (no shield)
rPois  +         Gourm    .     (helmet currently unavailable)
rElec  +         Spirit   .     (cloak currently unavailable)
rCorr  +         Dismiss  .     (gloves currently unavailable)
rMut   .         NoTele   +     (boots currently unavailable)
MR     +....                    (no amulet)
Stlth  ++++......               (no ring)
                                l - ring of protection from magic

@: agile, tree-form, resistant, very slightly contaminated, invisible, somewhat
resistant to hostile enchantments, stealthy
A: no striking features
a: Channel Energy, Renounce Religion


You were on level 8 of the Dungeon.
You worshipped Sif Muna.
Sif Muna was aware of your devotion.
You were not hungry.
You were a tree.
You visited 2 branches of the dungeon, and saw 9 of its levels.

You collected 260 gold pieces.
You spent 42 gold pieces at shops.

Inventory:

Hand Weapons
 p - a +1 spear (weapon)
 v - a +2 vampiric war axe
Missiles
 d - 11 stones (quivered)
 m - 8 curare-tipped needles
Armour
 o - a +0 leather armour of magic resistance (melded)
 s - a +0 pair of boots (melded)
Jewellery
 l - a ring of protection from magic (left branch)
Scrolls
 h - a scroll of enchant weapon
 r - a scroll of recharging
Books
 b - a book of Flames

   Spells                             Type                      Level
   a - Flame Tongue                   Conjuration/Fire             1
   b - Throw Flame                    Conjuration/Fire             2
   c - Conjure Flame                  Conjuration/Fire             3
   d - Inner Flame                    Hexes/Fire                   3
   e - Sticky Flame                   Conjuration/Fire             4
   f - Fireball                       Conjuration/Fire             5
Comestibles
 a - 3 fruits
 c - 3 bread rations
 j - 4 meat rations
 w - a slice of pizza
 x - 10 chunks of flesh


   Skills:
 - Level 2.1 Dodging
 - Level 2.1 Stealth
 + Level 4.9 Spellcasting
 * Level 6.1 Conjurations
 * Level 6.2 Fire Magic
 + Level 1.8 Invocations


You had 7 spell levels left.
You knew the following spells:

 Your Spells              Type           Power        Failure   Level  Hunger
a - Flame Tongue          Conj/Fire      ####.        1%          1    None
b - Conjure Flame         Conj/Fire      ####....     2%          3    ##.....
c - Sticky Flame          Conj/Fire      ####....     12%         4    ####...


Dungeon Overview and Level Annotations

Branches:
Dungeon (8/15)             Temple (1/1) D:5
   Lair: D:8-11

Altars:
Ashenzari
Cheibriados
Dithmenos
Elyvilon
Gozag
Makhleb
Okawaru
Pakellas
Sif Muna
Yredelemnul
Zin
The Shining One

Shops:
D:6 *   D:7 [

Annotations:
D:4 Sigmund
D:5 4thArraOfDagon's ghost, weakling NaVM


Message History

Unknown command.
Enter note: fuck im dead Unknown command.
Drink which item? (? for menu, Esc to quit)
It was a potion of cure mutation.
It has a very clean taste.
You feel weaker.
Your magical essence is no longer linked to your wands.
You feel more energetic.
You regain control of your magic.
Your urge to shout disappears.
You are engulfed in roaring flames.
You resist.
The orc priest hits you but does no damage.
The orc hits you but does no damage.
Drink which item? (? for menu, Esc to quit)
It was a potion of invisibility.
You fade into invisibility!
You resist.
* * * LOW HITPOINT WARNING * * *
The orc priest mumbles some strange prayers to Beogh against you.
Something smites you!
You die...

## ######...
#........ #####
#........
#...###........
#...§§§........
#...♣§§........
#..oo§§........
###...######.....
#...5..# .....
#......#####.....
##......5.......##
#..<......5#...##
#....)#..........
#.....+.......5..


You could see an orc priest, a crimson imp (inner flame) and an orc.

Vanquished Creatures
  A wyvern (D:8)
  Menkaure (D:6)
  2 sky beasts (D:5)
  A crocodile (D:7)
  2 giant frogs (D:6)
  3 hounds
  A giant frog zombie (D:6)
  A worker ant (D:4)
  An iguana (D:5)
  A hound zombie (D:7)
  2 adders
  A worker ant zombie (D:5)
  2 oozes
  A worm (D:5)
  3 giant geckos
  17 orcs
  A giant cockroach (D:6)
  3 goblins
  2 hobgoblins
  2 jackals (D:3)
  A quokka (D:5)
  A giant newt (D:5)
  A rat (D:1)
51 creatures vanquished.

Notes
Turn   | Place    | Note
--------------------------------------------------------------
     0 | D:1      | 4thArraOfDagon the High Elf Fire Elementalist began the quest for the Orb.
     0 | D:1      | Reached XP level 1. HP: 11/11 MP: 4/4
   173 | D:3      | Reached XP level 2. HP: 17/17 MP: 3/6
   451 | D:4      | Noticed Sigmund
   551 | D:4      | Reached XP level 3. HP: 18/21 MP: 2/8
   579 | D:5      | Entered Level 5 of the Dungeon
   590 | D:5      | Learned a level 3 spell: Conjure Flame
   623 | D:5      | Noticed 4thArraOfDagon's ghost (weakling NaVM)
   669 | D:5      | Got a jewelled ring mail
   707 | D:6      | Noticed a giant frog
   716 | D:6      | Killed a giant frog
   716 | D:6      | Reached skill level 4 in Fire Magic
   716 | D:6      | Reached XP level 4. HP: 10/27 MP: 2/9
   774 | D:6      | Reached XP level 5. HP: 10/31 MP: 6/11
   784 | D:6      | Identified the +2 ring mail of Wuighut {rPois rF- Str+5 Slay-2 SInv} (You found it on level 5 of the Dungeon)
   794 | D:6      | Learned a level 4 spell: Sticky Flame
   976 | D:7      | Found Meolock's Armour Boutique.
  1092 | D:5      | Reached XP level 6. HP: 27/36 MP: 7/12
  1194 | D:6      | Reached skill level 5 in Fire Magic
  1264 | D:6      | Found Qudup's General Store.
  1272 | D:6      | Bought a potion of curing for 42 gold pieces
  1470 | D:5      | Found a staircase to the Ecumenical Temple.
  1496 | D:5      | Reached skill level 5 in Conjurations
  1502 | Temple   | Entered the Ecumenical Temple
  1542 | Temple   | Became a worshipper of Sif Muna the Loreminder
  1606 | D:5      | Reached XP level 7. HP: 30/41 MP: 6/14
  1610 | D:5      | Gained mutation: You expend magic power (3 MP) to strengthen your wands. [mutagenic meat]
  1611 | D:5      | Gained mutation: You occasionally shout uncontrollably at your foes. [mutagenic meat]
  1612 | D:5      | Gained mutation: Your magical capacity is low (-10% MP). [mutagenic meat]
  1613 | D:5      | Gained mutation: Your muscles are strong. (Str +2) [mutagenic meat]
  1614 | D:5      | Gained mutation: Your spells are a little harder to cast, but a little more powerful. [mutagenic meat]
  1738 | D:6      | Noticed Menkaure
  1750 | D:6      | Killed Menkaure
  1750 | D:6      | Reached skill level 1 in Invocations
  1877 | D:8      | Noticed a wyvern
  1881 | D:8      | :(
  1883 | D:8      | bye
  1897 | D:8      | Killed a wyvern
  1897 | D:8      | Reached * piety under Sif Muna
  1897 | D:8      | Reached skill level 6 in Conjurations
  1904 | D:8      | fuck im dead
  1904 | D:8      | Lost mutation: Your muscles are strong. (Str +2) [potion of cure mutation]
  1904 | D:8      | Lost mutation: You expend magic power (3 MP) to strengthen your wands. [potion of cure mutation]
  1904 | D:8      | Lost mutation: Your magical capacity is low (-10% MP). [potion of cure mutation]
  1904 | D:8      | Lost mutation: Your spells are a little harder to cast, but a little more powerful. [potion of cure mutation]
  1904 | D:8      | Lost mutation: You occasionally shout uncontrollably at your foes. [potion of cure mutation]
  1905 | D:8      | Killed from afar by an orc priest

Vault maps used:
D:1:      grunt_arrival_crossed_arrows
D:2:      first_bread
D:3:      minmay_overflow_temple_star_hex, uniq_grinder
D:4:      old_standard_altar, uniq_sigmund, uniq_duvessa
D:5:      minmay_temple_entry_purple_smoke, kennysheep_generic_room_16
D:6:      serial_shops, shop, uniq_menkaure
D:7:      serial_shops, nicolae_shop_window_shopping
D:8:      kennysheep_little_box, david_nohive_1
Temple:   triangle_lava_temple_12

Action                   |  1- 3 |  4- 6 |  7- 9 || total
-------------------------+-------+-------+-------++-------
Melee: Spear             |     1 |    55 |     8 ||    64
Throw: Stone             |     6 |       |       ||     6
 Cast: Flame Tongue      |    37 |    50 |    24 ||   111
       Conjure Flame     |       |     2 |       ||     2
       Sticky Flame      |       |     2 |     2 ||     4
  Use: Potion            |     1 |       |     9 ||    10
       Scroll            |       |     6 |     2 ||     8
 Stab: Sleeping          |     1 |       |       ||     1
  Eat: Chunk             |       |     2 |     8 ||    10
